 Dungeon Crawl Stone Soup version 0.27-a0-40-g5f2be0e231 (webtiles) character file.

Game seed: 3269753445373402753

35 jestyr24 the Cutter (level 3, -12/24 HPs)
             Began as a Kobold Chaos Knight on Jan 6, 2021.
             Was a Plaything of Xom.
             Mangled by a worm (13 damage)
             ... on level 2 of the Dungeon.
             The game lasted 00:06:21 (996 turns).

jestyr24 the Cutter (Kobold Chaos Knight)            Turns: 996, Time: 00:06:21

Health: -12/24     AC:  5    Str:  9    XL:     3   Next: 55%
Magic:  3/3        EV: 14    Int: 14    God:    Xom [...*..]
Gold:   28         SH:  0    Dex: 14    Spells: 2/2 levels left

rFire    . . .     SeeInvis .   a - +0 short sword (chaos)
rCold    . . .     Faith    .   (shield restricted)
rNeg     . . .     Spirit   .   b - +2 leather armour
rPois    .         Reflect  .   (no helmet)
rElec    .         Harm     .   (no cloak)
rCorr    .         Rampage  .   (no gloves)
Will     .....                  (no boots)
Stlth    ++........             (no amulet)
HPRegen  0.08/turn              (no ring)
MPRegen  0.08/turn              (no ring)

@: no status effects
A: small, nightstalker 3
a: Renounce Religion


You were on level 2 of the Dungeon.
You worshipped Xom.
You were a favourite toy of Xom.
You visited 1 branch of the dungeon, and saw 2 of its levels.

You collected 28 gold pieces.

Inventory:

Hand Weapons
 a - a +0 short sword of chaos (weapon)
 g - a +1 dagger of electrocution
Armour
 b - a +2 leather armour (worn)
Scrolls
 d - a scroll of teleportation {unknown}
 e - a scroll of remove curse {unknown}
 f - 2 scrolls of identify {unknown}
Potions
 c - a potion of curing {unknown}


   Skills:
 + Level 4.0 Fighting
 + Level 4.8 Short Blades
 + Level 0.9 Armour
 * Level 2.6 Dodging
 * Level 0.2 Stealth


You had 2 spell levels left.
You didn't know any spells.
Your spell library was empty.

Dungeon Overview and Level Annotations

Branches:
Dungeon (2/15)

Altars:


Innate Abilities, Weirdness & Mutations

You are small and have problems with some larger weapons.
You are completely attuned to the shadows.


Message History

The worm bites you but does no damage.
You barely miss the worm.
The worm is lightly wounded.
The worm completely misses you.
You hit the worm.
The worm is lightly wounded.
The worm bites you!
You hit the worm. You freeze the worm.
The worm is moderately wounded.
The worm bites you!
Ouch! That really hurt!
* * * LOW HITPOINT WARNING * * *
You hit the worm.
The worm seems to slow down.
The worm is moderately wounded.
You hit the worm but do no damage. Lightning courses through the worm!
The worm is almost dead.
The worm bites you!
Ouch! That really hurt!
You die...
Xom thinks this is hilarious!

#..........
#.#.........
#.#......... ..
#.#........ ...
#.#......###...
#.#....).......
######.###+#...<#
.......#
####...^.
....@..# #.###.
....w.>... ...
.......... #...
..........
..........


You could see a worm (berserk, slow).

Vanquished Creatures
  A dart slug (D:1)
  6 bats (D:1)
  3 giant cockroaches
  A goblin (D:1)
  5 hobgoblins (D:1)
  4 jackals (D:1)
  A frilled lizard (D:1)
  5 kobolds (D:1)
  2 rats (D:1)
28 creatures vanquished.

Notes
Turn   | Place    | Note
-------+----------+-------------------------------------------
     0 | D:1      | jestyr24 the Kobold Chaos Knight began the quest for the
                  | Orb.
     0 | D:1      | Reached XP level 1. HP: 14/14 MP: 1/1
    54 | D:1      | Reached XP level 2. HP: 17/19 MP: 2/2
    56 | D:1      | XOM: silly message
    57 | D:1      | XOM: butterfly on damage
    61 | D:1      | XOM: silly message
   695 | D:1      | Reached XP level 3. HP: 24/24 MP: 3/3
   994 | D:2      | HP: 1/24 [worm (12)]
   996 | D:2      | Mangled by a worm

Illustrated notes

Levels and vault maps discovered:
D:1:      erik_arrival_blinker_ship, layout_loops_ring
D:2:      layout_basic, uniq_jessica

Skill      XL: |  1  2  3 |
---------------+----------+-----
Fighting       | 4 |  4.0
Short Blades   | |  4.8
Armour         | |  0.9
Dodging        | |  2.6
Stealth        | |  0.2

Action                   || total
-------------------------++-------
Melee: Short sword       ||    81
 Stab: Sleeping          ||     4
       Confused          ||     1
Armor: Leather armour    ||    23
Dodge: Dodged            ||    61

Table legend: (Time is in decaauts)
 A = Elapsed time spent in this place.
 B = Non-inter-level travel time spent in this place.
 C = Inter-level travel time spent in this place.
 D = Time resting spent in this place.
 E = Time spent auto-exploring this place.
 F = Levels seen in this place.
 G = Mean time per level.
                   A        B        C        D        E       F      G
               +--------+--------+--------+--------+--------+-----+--------+
         Total |    985 |    985 |      0 |    190 |    533 |   2 |  492.5 |
       Dungeon |    985 |    985 |      0 |    190 |    533 |   2 |  492.5 |
               +--------+--------+--------+--------+--------+-----+--------+

Top non-repeatable levels by time:
     D:1: 954 daAuts
     D:2: 31 daAuts
